 Dungeon Crawl Stone Soup version 0.30-a0-1116-gebefce21f7 (webtiles) character file.

Game seed: 6685505665288168625

2142 dracfodder the Grappler (level 9, 0/88 HPs)
             Began as a Troll Berserker on Apr 21, 2023.
             Was an Elder of Trog.
             Slain by an orc
             ... wielding a +0 club
              (2 damage)
             ... on level 6 of the Dungeon.
             The game lasted 00:16:57 (4851 turns).

dracfodder the Grappler (Troll Berserker)           Turns: 4851, Time: 00:16:57

Health: 0/88       AC:  6    Str: 29    XL:     9   Next: 9%
Magic:  8/8        EV: 10    Int:  5    God:    Trog [****..]
Gold:   367        SH:  0    Dex:  9    Spells: 8/8 levels left

rFire   + . .      SeeInvis .      - Unarmed
rCold   . . .      Faith    .    (no shield)
rNeg    . . .      Spirit   .    a - +0 animal skin
rPois   .          Reflect  .    (helmet restricted)
rElec   .          Rampage  .    m - +1 cloak
rCorr   .                        (gloves unavailable)
Will    ++...                    (boots unavailable)
Stlth   ++                       (no amulet)
HPRegen 2.14/turn                s - ring of protection from fire
MPRegen 0.11/turn                (no ring)

@: lethally poisoned (0 -> -1), strong-willed (expiring), on berserk cooldown,
regenerating (expiring), slowed, very slow
A: large, unfitting armour, claws 3, regeneration 1, shaggy fur 1, tough skin 1
a: Renounce Religion, Berserk, Trog's Hand, Brothers in Arms


You were on level 6 of the Dungeon.
You worshipped Trog.
Trog was greatly pleased with you.
You visited 1 branch of the dungeon, and saw 6 of its levels.
You also visited: Sewer and Ossuary.

You collected 367 gold pieces.

Inventory:

Hand Weapons
 h - the +5 long sword of Wyanyimaly {antimagic, rElec Str+3}
   (You found it on level 5 of the Dungeon)

   Str:       It affects your strength (+3).
   rElec:     It insulates you from electricity.
 l - a +5 quarterstaff of chaos
Missiles
 z - 2 boomerangs
Armour
 a - a +0 animal skin (worn)
 m - a +1 cloak (worn)
Jewellery
 d - a ring of positive energy
 s - a ring of protection from fire (left claw)
Wands
 g - a wand of flame (19) (quivered)
 i - a wand of quicksilver (4)
Scrolls
 f - a scroll of fear
 n - 4 scrolls of teleportation
 o - 4 scrolls of blinking
 u - a scroll of enchant weapon
 v - a scroll of fog {unknown}
 y - a scroll of torment {unknown}
Potions
 b - 10 potions of curing
 e - a potion of invisibility
 j - a potion of ambrosia
 k - 2 potions of resistance {unknown}
 p - 2 potions of brilliance {unknown}
 q - 4 potions of haste {unknown}
 r - 2 potions of lignification {unknown}
 t - a potion of might
 w - a potion of berserk rage {unknown}
 x - a potion of flight {unknown}


   Skills:
 * Level 5.2 Fighting
 + Level 4.7 Dodging
 + Level 1.6 Stealth
 + Level 9.4 Unarmed Combat
 + Level 0.4 Evocations


You had 8 spell levels left.
You didn't know any spells.
Your spell library was empty.

Dungeon Overview and Level Annotations

Branches:
Dungeon (6/15)              Sewer (visited)         Ossuary (visited)
 Temple: D:4-7

Altars:
Ashenzari
Dithmenos
Fedhas
Hepliaklqana
Nemelex Xobeh
Sif Muna
Uskayaw
Vehumet


Innate Abilities, Weirdness & Mutations

You are too large for most types of armour.
You have claws for hands.
Your natural rate of healing is unusually fast.
You are covered in fur. (AC +1)
You have tough skin. (AC +1)


Message History

You feel much better.
You feel sick. The kobold misses you. The kobold closely misses you.
The kobold hits you but does no damage. x2
The orc priest calls down the wrath of Beogh upon you.
Beogh smites you!
* * * LOW HITPOINT WARNING * * *
The orc hits you but does no damage. The kobold barely misses you.
The kobold completely misses you. The orc hits you with a +0 club.
* * * LOW HITPOINT WARNING * * *
The kobold hits you but does no damage. x2
You claw the kobold!
You kill the kobold!
Trog accepts your kill.
You feel sick. The kobold hits you but does no damage.
The orc priest calls down the wrath of Beogh upon you.
Beogh smites you!
* * * LOW HITPOINT WARNING * * *
The kobold hits you with a +0 dagger of venom.
* * * LOW HITPOINT WARNING * * *
You are more poisoned.
The orc hits you but does no damage. The kobold hits you but does no damage.
You mangle the kobold!!
You kill the kobold!
Trog accepts your kill.
You feel sick. The kobold completely misses you. The orc closely misses you.
The kobold closely misses you. x2
Unknown command.
You claw the orc priest!
The orc priest is severely wounded.
You feel the effects of Trog's Hand fading.
You feel very sick. The kobold hits you but does no damage.
The orc hits you but does no damage. The kobold hits you but does no damage.
The orc priest looks satisfied for a moment.
The kobold barely misses you.
You barely miss the orc priest.
The orc priest is severely wounded.
You feel sick. The kobold hits you with a +0 club.
* * * LOW HITPOINT WARNING * * *
The orc hits you with a +0 club.
You die...

>.....###. ...
.......#.#.# ..
...........# .# #...##..##
......>...##.####..##....#
..............#...#._...#
#.......)).......##....#
#......S..?..# ...##..#
#.....KoK)...# .....
#.....K@oo...# #..###
####.############..#.# #.#
#...<...#.# #.#
#.#####...# #.# #####.#
#..## # #.# #.....#
#..##.# #)###.#.#.#
#...>.#
#.).....#.#####..####
#####.###........#


You could see an orc priest, an adder, 2 orcs and 3 kobolds.

Vanquished Creatures
  Sigmund (D:5)
  A water moccasin (D:5)
  A black bear (D:5)
  A sky beast (D:5)
  A phantom (D:5)
  4 kobold brigands
  7 scorpions
  2 human zombies (Ossuary)
  3 orc priests
  A jelly (D:5)
  Crazy Yiuf (D:2)
  A gnoll bouda (D:5)
  4 orc wizards
  2 iguanas
  Natasha (thrice) (D:2)
  5 mummies (Ossuary)
  14 gnolls
  8 adders
  3 river rats (Sewer)
  A shadow imp (D:5)
  3 white imps
  2 ufetubi
  4 worms
  2 dart slugs (D:1)
  17 orcs
  10 endoplasms
  5 giant cockroaches
  6 goblins
  6 hobgoblins
  4 jackals (D:2)
  3 quokkas
  8 ball pythons
  6 bats
  4 frilled lizards
  A hobgoblin zombie (Ossuary)
  11 kobolds
  4 kobold zombies (Ossuary)
  An orc zombie (Ossuary)
  13 rats
174 creatures vanquished.

Notes
Turn   | Place    | Note
-------+----------+-------------------------------------------
     0 | D:1      | dracfodder the Troll Berserker began the quest for the Orb.
     0 | D:1      | Reached XP level 1. HP: 22/22 MP: 0/0
    42 | D:1      | Reached XP level 2. HP: 15/29 MP: 1/1
   360 | D:1      | Reached XP level 3. HP: 36/36 MP: 2/2
   794 | D:2      | Reached ** piety under Trog
  1091 | D:2      | Noticed Natasha
  1098 | D:2      | Killed Natasha
  1101 | D:2      | Noticed Natasha
  1107 | D:2      | Killed Natasha
  1108 | D:2      | Reached skill level 4 in Unarmed Combat
  1108 | D:2      | Reached XP level 4. HP: 20/45 MP: 3/3
  1215 | D:2      | Noticed Natasha
  1224 | D:2      | Killed Natasha
  1477 | D:2      | Found a faded altar of an unknown god.
  1520 | D:2      | Found a runed translucent door.
  1521 | D:2      | Noticed Crazy Yiuf
  1522 | D:2      | Identified the +6 hammer of the Conjuring Hero {pain, rF+
                  | Stlth+}
  1526 | D:2      | Killed Crazy Yiuf
  1527 | D:2      | Reached XP level 5. HP: 43/53 MP: 4/4
  1676 | D:3      | Found a glowing drain.
  1702 | Sewer    | Entered a sewer
  1783 | Sewer    | Reached *** piety under Trog
  1784 | Sewer    | Reached skill level 5 in Unarmed Combat
  1784 | Sewer    | Reached XP level 6. HP: 54/62 MP: 5/5
  2110 | D:3      | Reached skill level 6 in Unarmed Combat
  2110 | D:3      | Reached XP level 7. HP: 68/68 MP: 6/6
  2646 | D:3      | Found a hide-covered altar of Uskayaw.
  2646 | D:3      | Found a hazy altar of Hepliaklqana.
  2650 | D:3      | Found a blossoming altar of Fedhas.
  2650 | D:3      | Found a broken altar of Ashenzari.
  2871 | D:4      | Reached skill level 7 in Unarmed Combat
  2997 | D:4      | Found a sparkling altar of Nemelex Xobeh.
  3570 | D:5      | Entered Level 5 of the Dungeon
  3685 | D:5      | Reached XP level 8. HP: 47/79 MP: 7/7
  3688 | D:5      | Reached skill level 1 in Stealth
  3814 | D:5      | Noticed Sigmund
  3816 | D:5      | Found a radiant altar of Vehumet.
  3827 | D:5      | Killed Sigmund
  3828 | D:5      | Reached skill level 8 in Unarmed Combat
  3875 | D:5      | Identified the +5 long sword of Wyanyimaly {antimagic,
                  | rElec Str+3}
  3880 | D:5      | Reached **** piety under Trog
  3933 | D:5      | Found a sand-covered staircase.
  3943 | Ossuary  | Entered an ossuary
  4422 | D:5      | Found Visyozi's Magic Scroll Boutique.
  4450 | D:5      | Reached skill level 5 in Fighting
  4455 | D:5      | Reached skill level 9 in Unarmed Combat
  4482 | D:5      | Found a shimmering blue altar of Sif Muna.
  4764 | D:6      | Found a shadowy altar of Dithmenos.
  4833 | D:6      | Reached XP level 9. HP: 79/88 MP: 8/8
  4848 | D:6      | HP: 4/88 [orc priest/divine providence (16)]
  4851 | D:6      | Slain by an orc

Illustrated notes

Levels and vault maps discovered:
D:1:      onia_arrival_mini_maze, layout_basic
D:2:      layout_basic, ebering_ecumenical_altar_petrified, minivault_26,
          uniq_crazy_yiuf_cottage, uniq_natasha
D:3:      layout_rooms, grunt_temple_overflow_open, gup_sewer_entry_pipe
D:4:      nicolae_BIG_FREAKIN_CUBE, layout_basic, nemelex_spade_bored_becter,
          dreamdust_princess_corridor
D:5:      layout_basic, lemuel_round_altar, vehumet_crystals, serial_shops,
          shop, enter_ossuary_1, uniq_sigmund
D:6:      wander_river, layout_loops_cross, tso_altar,
          nicolae_dithmenos_through_a_glass_darkly, st_stairs_11

Skill      XL: |  1  2  3  4  5  6  7  8 |
---------------+-------------------------+-----
Fighting       | 3 4 5 |  5.2
Unarmed Combat | 4 5 6 7 9 |  9.4
Dodging        | 3 4 |  4.7
Stealth        | 1 |  1.6
Evocations     | |  0.4

Action                     |  1- 3 |  4- 6 |  7- 9 || total
---------------------------+-------+-------+-------++-------
  Melee: Unarmed           |    79 |   148 |   278 ||   505
         Punch             |     1 |     3 |     9 ||    13
 Invoke: Berserk           |       |       |     3 ||     3
         Trog's Hand       |       |       |     2 ||     2
  Evoke: Wand              |       |       |     3 ||     3
    Use: Scroll            |     3 |     1 |    12 ||    16
         Potion            |       |       |     2 ||     2
   Stab: Sleeping          |     1 |       |     4 ||     5
 Armour: Animal skin       |    23 |    36 |   141 ||   200
  Dodge: Dodged            |    34 |    60 |   137 ||   231

Table legend: (Time is in decaauts)
 A = Elapsed time spent in this place.
 B = Non-inter-level travel time spent in this place.
 C = Inter-level travel time spent in this place.
 D = Time resting spent in this place.
 E = Time spent auto-exploring this place.
 F = Levels seen in this place.
 G = Mean time per level.
                   A        B        C        D        E       F      G
               +--------+--------+--------+--------+--------+-----+--------+
         Total |   4808 |   4635 |    173 |    385 |   3147 |   8 |  601.0 |
       Dungeon |   4201 |   4028 |    173 |    355 |   2835 |   6 |  700.2 |
         Sewer |    325 |    325 |      0 |      0 |    199 |   1 |  325.0 |
       Ossuary |    282 |    282 |      0 |     30 |    113 |   1 |  282.0 |
               +--------+--------+--------+--------+--------+-----+--------+

Top non-repeatable levels by time:
     D:3: 913 daAuts
     D:5: 886 daAuts
     D:2: 803 daAuts
     D:1: 786 daAuts
     D:4: 729 daAuts
   Sewer: 325 daAuts
 Ossuary: 282 daAuts
     D:6: 81 daAuts
